 Dungeon Crawl Stone Soup version 0.25.1-11-g244df3a29b (webtiles) character file.

Game seed: 1658937295083753311

7560 tkbsonic5 the Nimble (level 10, -28/61 HPs)
             Began as a Felid Transmuter on June 26, 2023.
             Was an Elder of Dithmenos.
             Annihilated by Rupert
             ... wielding a +2 battleaxe of holy wrath
              (48 damage)
             ... on level 4 of the Lair of Beasts on Aug 26, 2023.
             The game lasted 02:19:15 (20344 turns).

tkbsonic5 the Nimble (Felid Transmuter)            Turns: 20344, Time: 02:19:15

Health: -28/61     AC: 10    Str:  9    XL:     10   Next: 96%
Magic:  14/18      EV: 17    Int: 15    God:    Dithmenos [****..]
Gold:   934        SH:  0    Dex: 18    Spells: 0/19 levels left
                                        Lives:  0   Deaths: 2

rFire    x . .     SeeInvis +     - Unarmed
rCold    + + +     Gourm    .   (shield unavailable)
rNeg     . . .     Faith    .   (armour unavailable)
rPois    +         Spirit   .   (helmet unavailable)
rElec    .         Reflect  .   (cloak unavailable)
rCorr    .         Harm     .   (gloves unavailable)
MR       +....                  (boots unavailable)
Stlth    +++++++...             a - amulet of regeneration {I Pull Up On You}
HPRegen  0.60/turn              f - +4 ring of protection {so below}
MPRegen  0.16/turn              q - ring of stealth {QuickSwitch Shadewalker Ring}

@: confusing touch, ice-form, wreathed by umbra
A: large, no armour, no weapons or thrown items, stealth, see invisible,
carnivore, robust 1, slow metabolism 1, MP-powered wands
a: End Transformation, Shadow Step, Renounce Religion


You were on level 4 of the Lair of Beasts.
You worshipped Dithmenos.
Dithmenos was greatly pleased with you.
You were full.
You were a creature of crystalline ice.
You visited 2 branches of the dungeon, and saw 16 of its levels.

You collected 934 gold pieces.

Inventory:

Jewellery
 a - an amulet of regeneration (around neck) {I Pull Up On You}
 e - an uncursed amulet of reflection {Bastet's Protection}
 f - a +4 ring of protection (left front paw) {so below}
 g - an uncursed ring of wizardry
 k - an uncursed ring of wizardry {(Shapeshifter Assassin)}
 q - a ring of stealth (right front paw) {QuickSwitch Shadewalker Ring}
Wands
 i - a wand of polymorph (6) {Hexing Pipe}
Scrolls
 b - a scroll of amnesia
 d - 3 scrolls of remove curse
 r - a scroll of identify
Miscellaneous
 s - a tin of tremorstones (1/3)
Comestibles
 c - 26 rations {and she burst into flames}


   Skills:
 * Level 7.3 Fighting
 + Level 9.8 Dodging
 + Level 7.8 Stealth
 * Level 7.7 Unarmed Combat
 * Level 5.3 Spellcasting
 * Level 8.2 Hexes
 - Level 1.1 Summonings
 + Level 2.0 Translocations
 * Level 8.6 Transmutations
 * Level 6.0 Ice Magic
 - Level 5.4 Poison Magic
 + Level 6.0 Invocations
 - Level 5.4 Evocations


You couldn't memorise any spells.
You knew the following spells:

 Your Spells              Type           Power        Failure   Level  Hunger
a - Corona                Hex            ####...      1%          1    None
b - Sticks to Snakes      Tmut           ####....     1%          2    ##.....
c - Spider Form           Tmut/Pois      ####......   2%          3    ###....
d - Summon Small Mammal   Summ           #...         10%         1    None
e - Ice Form              Ice/Tmut       ####....     8%          4    ####...
f - Cause Fear            Hex            ####......   5%          4    ####...
g - Summon Butterflies    Summ           #.......     10%         1    None
h - Apportation           Tloc           ##....       7%          1    None
i - Confusing Touch       Hex            ####....     1%          3    ###....

Your spell library contained the following spells:

 Spells                   Type           Power        Failure   Level  Hunger
 Beastly Appendage        Tmut           ####..       1%          1    None
 Sting                    Tmut/Pois      ####         1%          1    None
 Ensorcelled Hibernation  Hex/Ice        ####..       1%          2    ##.....
 Tukima's Dance           Hex            ####....     1%          3    ###....
 Ignite Poison            Fire/Tmut/Pois ###.....     7%          3    ###....
 Summon Guardian Golem    Hex/Summ       ###.....     7%          3    ###....
 Poisonous Vapours        Pois/Air       ##....       8%          2    ##.....
 Dazzling Flash           Conj/Hex       ###...       9%          3    ###....
 Blade Hands              Tmut           ####......   13%         5    ######.
 Yara's Violent Unravell  Hex/Tmut       ####......   14%         5    ######.
 Animate Skeleton         Necr           N/A          16%         1    None
 Call Imp                 Summ           #.......     16%         2    ##.....
 Olgreb's Toxic Radiance  Pois           ###.....     17%         4    ####...
 Mephitic Cloud           Conj/Pois/Air  #.......     22%         3    ###....
 Call Canine Familiar     Summ           #.......     30%         3    ###....
 Summon Ice Beast         Ice/Summ       ##......     36%         4    ####...
 Summon Mana Viper        Hex/Summ       ###.....     54%         5    ######.
 Silence                  Hex/Air        ###.......   63%         5    ######.
 Summon Lightning Spire   Summ/Air       #.......     77%         4    ####...
 Summon Hydra             Summ           #.........   100%        7    #######
 Discord                  Hex            ####......   100%        8    #######


Dungeon Overview and Level Annotations

Branches:
Dungeon (10/15)            Temple (0/1) D:4            Lair (6/6) D:10
  Snake (0/4) Lair:3        Slime (0/5) Lair:5
  Swamp: Lair:2-4    Shoals: Lair:2-4       Orc: D:9-12

Altars:
Dithmenos
Fedhas
Gozag
Kikubaaqudgha
Makhleb
Nemelex Xobeh
Okawaru
Ru
Sif Muna
Wu Jian
Xom
Yredelemnul
Zin
The Shining One
Beogh

Shops:
D:9 %

Annotations:
D:8 exclusion: oklob plant
D:10 1 runed translucent door
Lair:2 3 runed translucent doors, Iquippos's ghost, journeyman HaAr
Lair:4 Rupert


Innate Abilities, Weirdness & Mutations

You cannot wear armour.
You are incapable of wielding weapons or throwing items.
Your paws allow you to move quietly. (Stealth)
((You have sharp claws.))
((You have razor-sharp teeth.))
You have supernaturally acute eyesight. (SInv)
You are carnivorous and can eat meat at any time.
((You cover ground quickly.))
((Your thick and shaggy fur keeps you warm. (AC +3, rC+)))
You have a slow metabolism.
((Your sharp claws are effective at attacking unaware monsters.))
((You have a pair of small horns on your head.))
((Your flesh is cold resistant. (rC+)))
You are robust. (+10% HP)
You expend magic power (3 MP) to strengthen your wands.


Message History

You hit Rupert but do no damage.
Rupert is heavily wounded.
Rupert hits you with a +2 battleaxe of holy wrath!!
You hit Rupert but do no damage.
Rupert is heavily wounded.
Your shadow hits Rupert. Rupert barely misses you.
You hit Rupert but do no damage.
Rupert is heavily wounded.
You hit Rupert but do no damage.
Rupert is heavily wounded.
Rupert roars madly and goes into a rage!
Rupert goes berserk!
You hit Rupert but do no damage.
Rupert is heavily wounded.
Rupert hits you with a +2 battleaxe of holy wrath.
You hit Rupert but do no damage.
Rupert is heavily wounded.
Rupert hits you with a +2 battleaxe of holy wrath!!!
Ouch! That really hurt!
You die...

..........####P.#....P#
..........###P....P..P#
.........<........#
.?.........#..##.## #
####.#.#.##.###### .#
####.....###### .#
...#.PP..####.# ..#
......P...##.#####'.####
..........'.#.##Y@......
(...............#......(
..........P#PP..#.......
..........####..'%.....P
..........# #.........#
..........# ###.......#
#.##'####.# .......#
####.# ### ###.......
#..## #.#.#.+.#


You could see Rupert (berserk).

Vanquished Creatures
  Kirke (Lair:4)
  2 hydras
  2 death yaks (D:10)
  Urug (Lair:4)
  An elephant (Lair:4)
  3 spiny frogs
  2 rime drakes
  4 komodo dragons
  A naga (Lair:3)
  4 polar bears (Lair:1)
  2 meliai
  2 slime creatures (Lair:5)
  5 blink frogs
  A hippogriff (Lair:5)
  Sigmund (D:5)
  A wyvern (D:10)
  A wraith (D:10)
  6 hogs
  10 yaks
  A basilisk (Lair:2)
  Menkaure (D:4)
  Duvessa (D:5)
  3 water moccasins
  5 porcupines
  An orc warrior (D:7)
  3 black bears
  2 sky beasts
  2 phantoms
  6 wolves (Lair:4)
  4 ogres
  3 centaurs
  8 crocodiles
  Blork the orc (D:4)
  A big kobold (D:9)
  11 bullfrogs
  A wyvern zombie (D:9)
  Dowan (D:5)
  4 scorpions
  19 killer bees
  4 howler monkeys
  2 electric eels (Lair:4)
  3 crimson imps
  2 bullfrog zombies
  A quasit (D:9)
  5 hounds
  8 orc priests
  A centaur skeleton (D:7)
  7 jellies
  7 orc wizards
  A bullfrog skeleton (D:9)
  6 iguanas
  7 worker ants
  A killer bee zombie (D:10)
  A hound skeleton (D:8)
  15 adders
  4 shadow imps
  2 oozes (D:4)
  An adder skeleton (D:4)
  2 worms (D:2)
  4 dart slugs
  5 leopard geckos
  28 orcs
  2 ball pythons
  4 giant cockroaches
  8 goblins
  9 hobgoblins
  7 jackals
  13 kobolds
  7 quokkas
  13 bats
  4 frilled lizards
  A jackal skeleton (D:6)
  A leopard gecko skeleton (D:7)
  A quokka skeleton (D:8)
  7 rats
322 creatures vanquished.

Vanquished Creatures (collateral kills)
  A two-headed ogre (D:9)
  A death yak (D:10)
  3 blink frogs
  3 yaks
  2 nagas (Lair:3)
  An ogre (D:3)
  A phantom (D:10)
  2 killer bees (D:10)
  4 wights (D:6)
  A worm (D:2)
  A dart slug (D:1)
  A leopard gecko (D:1)
  5 orcs
  A ball python (D:1)
  A goblin (D:1)
  A jackal (D:9)
  A bat (D:1)
  A kobold (D:1)
31 creatures vanquished.

Vanquished Creatures (others)
  A human (Lair:4)
  2 killer bees (D:10)
  An orc priest (D:10)
  8 fungi
  6 plants
18 creatures vanquished.

Grand Total: 371 creatures vanquished

Notes
Turn   | Place    | Note
-------+----------+-------------------------------------------
     0 | D:1      | tkbsonic5 the Felid Transmuter began the quest for the Orb.
     0 | D:1      | Reached XP level 1. HP: 9/9 MP: 4/4
   416 | D:1      | Reached skill level 3 in Dodging
   424 | D:1      | Reached XP level 2. HP: 5/12 MP: 3/6
   429 | D:1      | Learned a level 2 spell: Sticks to Snakes
  1078 | D:1      | Reached XP level 3. HP: 15/15 MP: 4/7
  1099 | D:1      | Learned a level 3 spell: Spider Form
  1942 | D:2      | Found a shadowy altar of Dithmenos.
  2054 | D:1      | Reached skill level 1 in Poison Magic
  2361 | D:2      | Reached XP level 4. HP: 19/19 MP: 3/8
  2479 | D:2      | Gained mutation: You have a pair of small horns on your
                  | head. [potion of mutation]
  2479 | D:2      | Gained mutation: You expend magic power (3 MP) to
                  | strengthen your wands. [potion of mutation]
  2479 | D:2      | Gained mutation: You are robust. (+10% HP) [potion of
                  | mutation]
  2479 | D:2      | Gained mutation: Your flesh is cold resistant. (rC+)
                  | [potion of mutation]
  2629 | D:2      | Learned a level 1 spell: Corona
  2705 | D:2      | Became a worshipper of Dithmenos the Shadowed
  3052 | D:2      | Reached skill level 1 in Stealth
  3169 | D:2      | Found an ornate altar of the Wu Jian Council.
  3706 | D:3      | Found a faded altar of an unknown god.
  4081 | D:3      | Noticed an ogre
  4106 | D:3      | Killed an ogre
  4106 | D:3      | Reached XP level 5. HP: 24/24 MP: 2/9
  4133 | D:3      | Learned a level 1 spell: Summon Small Mammal
  4438 | D:3      | Reached * piety under Dithmenos
  4583 | D:3      | Found a sparkling altar of Nemelex Xobeh.
  4587 | D:3      | Found a burning altar of Makhleb.
  4592 | D:3      | Found a glowing golden altar of the Shining One.
  4664 | D:4      | Noticed Blork the orc
  4680 | D:4      | Killed Blork the orc
  4680 | D:4      | Reached skill level 1 in Hexes
  4680 | D:4      | Gained mutation: You are covered in thick fur. (AC +2)
                  | [Felid growth]
  4680 | D:4      | Reached XP level 6. HP: 23/28 MP: 3/10
  4742 | D:4      | Found an opulent altar of Gozag.
  5266 | D:4      | Reached skill level 1 in Invocations
  5315 | D:4      | Found a shimmering altar of Xom.
  5353 | D:4      | Found a shimmering altar of Xom.
  5354 | D:4      | Found a shimmering altar of Xom.
  5355 | D:4      | Found a shimmering altar of Xom.
  5355 | D:4      | Found a shimmering altar of Xom.
  5462 | D:4      | Reached skill level 4 in Dodging
  5539 | D:4      | Found a staircase to the Ecumenical Temple.
  5619 | D:4      | Found a sacrificial altar of Ru.
  5634 | D:4      | Noticed Menkaure
  5670 | D:4      | Killed Menkaure
  5670 | D:4      | Reached XP level 7. HP: 33/33 MP: 8/12
  6606 | D:4      | Learned a level 4 spell: Ice Form
  6769 | D:5      | Entered Level 5 of the Dungeon
  6950 | D:5      | Noticed Sigmund
  6961 | D:5      | Noticed Dowan
  6965 | D:5      | Noticed Duvessa
  7157 | D:5      | Killed Sigmund
  7201 | D:5      | Killed Dowan
  7201 | D:5      | Reached skill level 1 in Ice Magic
  7220 | D:5      | Reached ** piety under Dithmenos
  7222 | D:5      | Reached XP level 8. HP: 31/37 MP: 7/13
  7264 | D:5      | Killed Duvessa
  7278 | D:5      | Reached skill level 5 in Dodging
  7572 | D:5      | Reached skill level 5 in Transmutations
  8967 | D:6      | Reached skill level 1 in Evocations
  9002 | D:6      | Reached *** piety under Dithmenos
  9002 | D:6      | Reached skill level 5 in Unarmed Combat
  9145 | D:6      | Found an iron altar of Okawaru.
  9319 | D:6      | Reached XP level 9. HP: 42/42 MP: 15/15
  9561 | D:6      | Found an ancient bone altar of Kikubaaqudgha.
  9740 | D:7      | Reached skill level 6 in Dodging
 10120 | D:7      | Reached **** piety under Dithmenos
 10181 | D:7      | Found a roughly hewn altar of Beogh.
 10926 | D:8      | Reached skill level 5 in Stealth
 11497 | D:8      | Found a basalt altar of Yredelemnul.
 11523 | D:8      | Reached skill level 5 in Fighting
 11884 | D:8      | Found a blossoming altar of Fedhas.
 11904 | D:8      | Noticed an oklob plant
 12186 | D:9      | Found Puiwuom's Food Boutique.
 12266 | D:9      | Reached skill level 7 in Dodging
 12266 | D:9      | Reached XP level 10. HP: 48/48 MP: 12/16
 12797 | D:9      | Found a glowing silver altar of Zin.
 12917 | D:9      | Noticed a two-headed ogre
 12950 | D:9      | Killed a two-headed ogre
 13532 | D:9      | Found a shimmering blue altar of Sif Muna.
 13592 | D:10     | Entered Level 10 of the Dungeon
 13592 | D:10     | Noticed a death yak
 13948 | D:10     | Found a runed translucent door.
 13949 | D:10     | Noticed a sixfirhy
 13972 | D:10     | Reached skill level 5 in Hexes
 14087 | D:10     | Noticed a death yak
 14120 | D:10     | Noticed a death yak
 14148 | D:10     | Killed a death yak
 14153 | D:10     | Killed a death yak
 14331 | D:10     | Learned a level 4 spell: Cause Fear
 14333 | D:10     | Learned a level 1 spell: Summon Butterflies
 14335 | D:10     | Learned a level 1 spell: Apportation
 14396 | D:10     | Noticed a death yak
 14398 | D:10     | Noticed a death yak
 14402 | D:10     | Noticed a death yak
 14446 | D:10     | Noticed a death yak
 14566 | D:10     | Found a staircase to the Lair.
 14613 | D:10     | Killed a death yak
 14894 | Lair:1   | Entered Level 1 of the Lair of Beasts
 14924 | Lair:1   | Noticed a spiny frog
 14944 | Lair:1   | Killed a spiny frog
 14944 | Lair:1   | Reached XP level 11. HP: 52/52 MP: 6/18
 15116 | Lair:1   | Reached skill level 8 in Dodging
 15299 | Lair:1   | Reached skill level 5 in Invocations
 15865 | Lair:1   | Reached skill level 5 in Poison Magic
 16261 | Lair:2   | Found a runed translucent gate.
 16261 | Lair:2   | Found a runed translucent gate.
 16261 | Lair:2   | Found a runed translucent gate.
 16412 | Lair:2   | Noticed a four-headed hydra
 16436 | Lair:2   | Killed a four-headed hydra
 16807 | Lair:2   | Noticed Iquippos's ghost (journeyman HaAr)
 16825 | Lair:2   | Reached skill level 1 in Translocations
 17119 | Lair:2   | You fall into a shaft and drop 1 floor!
 17132 | Lair:3   | Reached skill level 5 in Ice Magic
 17355 | Lair:3   | Reached skill level 1 in Summonings
 17399 | Lair:3   | Found a staircase to the Snake Pit.
 17750 | Lair:3   | Reached skill level 9 in Dodging
 17942 | Lair:3   | Noticed a seven-headed hydra
 17961 | Lair:3   | Killed a seven-headed hydra
 17961 | Lair:3   | Gained mutation: Your thick and shaggy fur keeps you warm.
                  | (AC +3, rC+) [Felid growth]
 17961 | Lair:3   | Reached XP level 12. HP: 58/58 MP: 0/20
 18397 | Lair:4   | Noticed Kirke
 18452 | Lair:4   | Reached skill level 5 in Evocations
 18471 | Lair:4   | Killed Kirke
 18616 | Lair:4   | Learned a level 3 spell: Confusing Touch
 18635 | Lair:4   | Noticed Urug
 18648 | Lair:4   | Killed Urug
 18648 | Lair:4   | Reached skill level 5 in Spellcasting
 18897 | Lair:4   | Noticed Rupert
 19189 | Lair:4   | Killed from afar by a meliai
 19190 | Lair:4   | Reached XP level 11. HP: -2/82 MP: 8/19
 19213 | Lair:4   | Slain by Rupert
 19214 | Lair:4   | Reached XP level 10. HP: -1/61 MP: 3/18
 19395 | Lair:4   | Paralysed by Rupert for 5 turns
 19575 | Lair:5   | Found a staircase to the Slime Pits.
 20060 | Lair:5   | You fall into a shaft and drop 1 floor!
 20060 | Lair:6   | Entered Level 6 of the Lair of Beasts
 20061 | Lair:6   | Noticed a catoblepas
 20344 | Lair:4   | Annihilated by Rupert

Illustrated notes

Levels and vault maps discovered:
D:1:      ncdulo_smallfort, layout_loops_ring
D:2:      layout_basic, nicolae_dithmenos_shadow_blocks, marbit_many_paths,
          serial_bayou_ford_a
D:3:      layout_rooms, minmay_overflow_temple_star_quad,
          chequers_ecumenical_altar_simple
D:4:      layout_basic, old_standard_altar,
          nicolae_gozag_cash_rules_everything_around_me,
          minmay_temple_entry_from_below_a, xom_redecorated, uniq_blork_the_orc,
          uniq_menkaure
D:5:      layout_layer_cave, first_ration, hangedman_abyss_or_decor_passed,
          uniq_duvessa, uniq_sigmund
D:6:      layout_gridville, kiku_gazebo_garden_becter, okawaru_ov_weapons_minmay
D:7:      layout_basic, david_defended_altar_orc
D:8:      layout_basic, nicolae_overflow_crystal_walls, tgw_fedhas
D:9:      layout_loops_corners, lemuel_round_altar, lemuel_blue_sif_altar,
          serial_shops, nicolae_shop_crystal
D:10:     cheibrodos_shockbox, layout_loops_ring, dpeg_lair_monsters
Lair:1:   beast_lair_carwin_large_2, layout_long_grid
Lair:2:   layout_concentric_octagons, gammafunk_ghost_icy, uniq_erica
Lair:3:   layout_chaotic_city, guppyfry_snake_entry_island
Lair:4:   layout_roguey, shoals_dummy_entry, special_room [special_room_bee],
          infiniplex_staircase_pool, uniq_rupert, uniq_kirke, uniq_urug
Lair:5:   cheibrodos_lair_overgrown_chateau, layout_regular_city,
          minmay_slime_entry_pillars, minmay_stone_trees_small
Lair:6:   due_jungle_book, layout_gridlike, gammafunk_ghost_hive,
          gammafunk_lair_bear_cave

Skill      XL: |  1  2  3  4  5  6  7  8  9 10 11 12 |
---------------+-------------------------------------+-----
Dodging        | 3 4 5 7 9 |  9.8
Transmutations | 3 4 5 6 7 8 |  8.6
Poison Magic   | 1 2 3 4 5 |  5.4
Stealth        | 1 2 3 4 5 6 7 |  7.8
Fighting       | 2 3 4 5 6 7 |  7.3
Hexes          | 1 2 3 4 8 7 |  8.2
Invocations    | 1 2 3 6 5 |  6.0
Unarmed Combat | 4 5 6 7 |  7.7
Spellcasting   | 3 4 5 |  5.3
Ice Magic      | 1 2 3 6 5 |  6.0
Evocations     | 1 2 3 4 5 |  5.4
Translocations | 2 1 |  2.0
Summonings     | 1 |  1.1

Action                   |  1- 3 |  4- 6 |  7- 9 | 10-12 || total
-------------------------+-------+-------+-------+-------++-------
Melee: Unarmed           |   103 |   139 |   377 |   414 ||  1033
       Headbutt          |     8 |     2 |     8 |     2 ||    20
       Bite              |     4 |     1 |     4 |     1 ||    10
       Punch             |     1 |       |     2 |     2 ||     5
 Cast: Beastly Appendage |    33 |       |       |       ||    33
       Sticks to Snakes  |    12 |     5 |    23 |    70 ||   110
       Spider Form       |     7 |    27 |    36 |     8 ||    78
       Corona            |       |    23 |    17 |    13 ||    53
       Summon Small Mamm |       |     5 |     2 |    12 ||    19
       Ice Form          |       |       |    22 |    46 ||    68
       Summon Butterflie |       |       |       |    23 ||    23
       Cause Fear        |       |       |       |    12 ||    12
       Confusing Touch   |       |       |       |     9 ||     9
Invok: Shadow Step       |       |       |     1 |     7 ||     8
Evoke: Wand              |       |       |     3 |    69 ||    72
       Tin of tremorston |       |       |       |     3 ||     3
  Use: Scroll            |     3 |     6 |     9 |     8 ||    26
       Potion            |       |     4 |     9 |     9 ||    22
 Stab: Sleeping          |     2 |       |    18 |    23 ||    43
       Distracted        |       |       |     1 |     2 ||     3
       Confused          |       |       |       |     5 ||     5
       Invisible         |       |       |       |     2 ||     2
       Paralysed         |       |       |       |     3 ||     3
  Eat: Chunk             |    12 |    13 |    24 |    32 ||    81
Armor: Skin              |     7 |    11 |    43 |    75 ||   136
Dodge: Dodged            |   100 |   104 |   314 |   322 ||   840
Block: Other             |       |       |    12 |    13 ||    25
